 Dungeon Crawl Stone Soup version 0.29.1-4-g47bece8355 (webtiles) character file.

Game seed: 8908747382710657801

1774 raph the Jinx (level 8, -5/31 HPs)
             Began as a Felid Conjurer on Dec 11, 2022.
             Was a Believer of Sif Muna.
             Slain by a gnoll sergeant
             ... wielding a +4 trident of protection
              (9 damage)
             ... on level 7 of the Dungeon.
             The game lasted 00:16:04 (8751 turns).

raph the Jinx (Felid Conjurer)                      Turns: 8751, Time: 00:16:05

Health: -5/31      AC:  2    Str:  6    XL:     8   Next: 80%
Magic:  17/28      EV: 17    Int: 21    God:    Sif Muna [**....]
Gold:   248        SH:  0    Dex: 15    Spells: 1/20 levels left
                                        Lives:  0   Deaths: 2

rFire   + + .      SeeInvis +   (weapon unavailable)
rCold   . . .      Faith    .   (shield unavailable)
rNeg    + . .      Spirit   .   (body armour unavailable)
rPois   +          Reflect  .   (helmet unavailable)
rElec   .          Harm     .   (cloak unavailable)
rCorr   .          Rampage  .   (gloves unavailable)
Will    +....                   (boots unavailable)
Stlth   ++........              i - amulet of regeneration
HPRegen 0.90/turn               d - ring "Qorryish" {Wiz +Blink Str+3 Slay+3}
MPRegen 0.21/turn               p - ring "Giom" {*Slow rPois rF++ rN+ MP+9}

@: quick
A: very small, claws 1, fangs 3, see invisible, speed 1, shaggy fur 2, stealthy
paws, no weapons or thrown items, no armour, multi-lived
a: Renounce Religion, Evoke Blink, Channel Magic


You were on level 7 of the Dungeon.
You worshipped Sif Muna.
Sif Muna was pleased with you.
You visited 1 branch of the dungeon, and saw 7 of its levels.

You collected 366 gold pieces.
You spent 118 gold pieces at shops.

Inventory:

Jewellery
 d - the ring "Qorryish" (left paw) {Wiz +Blink Str+3 Slay+3}
   (You acquired it on level 2 of the Dungeon)

   [ring of wizardry]

   It improves your spell success rate.
   Str:       It affects your strength (+3).
   Slay:      It affects your accuracy & damage with ranged weapons and melee
   (+3).
   +Blink:    It lets you blink.
 i - an amulet of regeneration (around neck)
 k - an amulet of faith
 p - the ring "Giom" (right paw) {*Slow rPois rF++ rN+ MP+9}
   (You found it on level 6 of the Dungeon)

   [ring of positive energy]

   rF:        It greatly protects you from fire.
   rPois:     It protects you from poison.
   rN:        It protects you from negative energy.
   MP:        It affects your magic capacity (+9).
   *Slow:     It may slow you when you take damage.
Wands
 f - a wand of light (10)
Scrolls
 l - 3 scrolls of teleportation
 m - a scroll of amnesia
 q - a scroll of identify
 r - a scroll of magic mapping
Potions
 a - 3 potions of magic
 b - 4 potions of curing
 c - 2 potions of flight
 e - a potion of lignification
 g - a potion of invisibility
 h - a potion of brilliance
 j - 3 potions of attraction
 n - a potion of resistance
 o - a potion of ambrosia


   Skills:
 - Level 2.7 Dodging
 - Level 2.7 Stealth
 + Level 6.8 Spellcasting
 + Level 7.4 Conjurations
 + Level 8.6 Hexes
 + Level 4.9 Invocations


You had one spell level left.
You knew the following spells:

 Your Spells              Type           Power      Damage    Failure   Level
a - Magic Dart            Conj           100%       1d8       1%          1
b - Searing Ray           Conj           76%        2d7       1%          2
c - Dazzling Flash        Conj/Hex       80%        N/A       1%          3
d - Fulminant Prism       Conj/Hex       20%        3d13      1%          4
e - Iskenderun's Mystic   Conj/Tloc      22%        2d6       8%          4
f - Passwall              Tmut/Erth      5%         N/A       6%          2
g - Stone Arrow           Conj/Erth      44%        3d9       2%          3

Your spell library contained the following spells:

 Spells                   Type           Power      Damage    Failure   Level
 Sandblast                Erth           14%        2d6       3%          1


Dungeon Overview and Level Annotations

Branches:
Dungeon (7/15)             Temple (0/1) D:5

Altars:
Kikubaaqudgha
Makhleb
Nemelex Xobeh
Sif Muna

Shops:
D:2 *   D:3 *


Innate Abilities, Weirdness & Mutations

You have sharp claws.
You have razor-sharp teeth.
You have supernaturally acute eyesight. (SInv)
You cover ground quickly. (Speed+)
You are covered in thick fur. (AC +2)
Your paws help you pounce on unaware monsters.
You are incapable of wielding weapons or throwing items.
You cannot wear armour.
You gain extra lives every three experience levels.


Message History

The searing ray hits the gnoll sergeant but does no damage.
The gnoll sergeant is almost dead.
The searing ray hits the gnoll!
The gnoll is severely wounded.
You finish channelling your searing ray.
The gnoll shouts!
A gnoll comes into view. It is wielding a +0 spear.
The gnoll sergeant hits you from afar with a +4 trident of protection!!
Ouch! That really hurt!
Casting: Searing Ray (safe; 1% risk of failure)
Confirm with . or Enter, or press ? or * to list all spells.
Aiming: Searing Ray (safe; 1% risk of failure)
Press: ? - help, Shift-Dir - straight line, f/p - gnoll sergeant
Aim: a gnoll sergeant, wielding a +4 trident of protection, wearing a +0 scale mail and wearing a +0 kite shield (almost dead, 88% to hit)
The searing ray hits the gnoll sergeant but does no damage.
The gnoll sergeant is almost dead.
The searing ray hits the gnoll!
You kill the gnoll!
Sif Muna accepts your kill.
The searing ray hits the gnoll.
The gnoll is heavily wounded.
The gnoll shouts! (Press . to maintain the ray.)
The gnoll shouts!
The gnoll sergeant barely misses you.
The searing ray hits the gnoll sergeant but does no damage.
The gnoll sergeant is almost dead.
The searing ray hits the gnoll!
You kill the gnoll!
Sif Muna accepts your kill.
The searing ray hits the gnoll.
The gnoll is lightly wounded.
The gnoll sergeant hits you from afar with a +4 trident of protection!
* * * LOW HITPOINT WARNING * * *
The searing ray hits the gnoll sergeant but does no damage.
The gnoll sergeant is almost dead.
The searing ray hits the gnoll!
The gnoll is severely wounded.
The gnoll sergeant hits you from afar with a +4 trident of protection!
You die...

#.# #.# #.# #.# #.#####
#.# +.....###### #.#
#.###+##...###.########
...........+...........
..#........###.########
...........###.##########.
...........'....@.gggg....
########...##############.
#####


You could see a gnoll sergeant and 3 gnolls.

Vanquished Creatures
  Sigmund (D:5)
  A water moccasin (D:6)
  A black bear (D:6)
  An ice beast (D:6)
  A sky beast (D:6)
  3 ogres
  4 phantoms (D:6)
  A centaur (D:6)
  2 bullfrogs (D:6)
  A gnoll sergeant (D:6)
  2 necrophages
  7 scorpions
  A howler monkey (D:5)
  An orc priest (D:5)
  2 jellies (D:6)
  7 hounds
  5 iguanas
  An orc wizard (D:6)
  Robin (D:2)
  7 gnolls
  8 adders
  A shadow imp (D:6)
  3 white imps
  3 ufetubi
  3 dart slugs
  5 orcs
  9 ball pythons
  5 endoplasms
  4 giant cockroaches
  14 goblins
  13 hobgoblins
  7 jackals
  2 kobolds
  3 quokkas
  7 bats
  5 frilled lizards
  2 rats
144 creatures vanquished.

Vanquished Creatures (others)
  19 fulminant prisms
19 creatures vanquished.

Grand Total: 163 creatures vanquished

Notes
Turn   | Place    | Note
-------+----------+-------------------------------------------
     0 | D:1      | raph the Felid Conjurer began the quest for the Orb.
     0 | D:1      | Reached XP level 1. HP: 7/7 MP: 4/4
   338 | D:1      | Reached XP level 2. HP: 11/11 MP: 0/6
   397 | D:1      | Learned a level 2 spell: Searing Ray
   754 | D:1      | Reached XP level 3. HP: 14/14 MP: 4/8
   793 | D:1      | Learned a level 3 spell: Dazzling Flash
  1293 | D:2      | Found Puxtathi's Assorted Antiques.
  1336 | D:2      | Identified a scroll of acquirement
  1336 | D:2      | Acquired the ring "Qorryish" {Wiz +Blink Str+3 Slay+3}
  1493 | D:2      | Identified the +9 whip of the Protecting Oracle {antimagic,
                  | Will+ Str+2 Int+2}
  1705 | D:2      | Reached XP level 4. HP: 18/18 MP: 4/9
  1754 | D:2      | Identified the +0 leather armour of the Maze {Int+4}
  2126 | D:3      | Found Pibi's General Store.
  2137 | D:3      | Bought a scroll of identify for 28 gold pieces
  2137 | D:3      | Bought a scroll of identify for 28 gold pieces
  2137 | D:3      | Bought 2 potions of degeneration for 28 gold pieces
  2152 | D:3      | Found a shimmering blue altar of Sif Muna.
  2173 | D:3      | Found a burning altar of Makhleb.
  2184 | D:3      | Found a sparkling altar of Nemelex Xobeh.
  2200 | D:3      | Found an ancient bone altar of Kikubaaqudgha.
  2214 | D:3      | Became a worshipper of Sif Muna the Loreminder
  2835 | D:3      | Noticed Robin
  2932 | D:2      | Killed Robin
  3662 | D:2      | Bought a fuming puce potion for 17 gold pieces
  3662 | D:2      | Bought a murky golden potion for 17 gold pieces
  3780 | D:4      | Reached XP level 5. HP: 21/21 MP: 8/11
  3811 | D:4      | Identified the +1 robe "Qeolile" {Will+ Str+3}
  3817 | D:4      | Learned a level 4 spell: Fulminant Prism
  3972 | D:4      | Reached skill level 1 in Hexes
  4068 | D:4      | Reached skill level 5 in Conjurations
  4204 | D:4      | Noticed an ogre
  4209 | D:4      | Killed an ogre
  4209 | D:4      | Reached * piety under Sif Muna
  4210 | D:4      | Reached skill level 2 in Hexes
  4210 | D:4      | Gained mutation: You are covered in thick fur. (AC +2)
                  | [Felid growth]
  4210 | D:4      | Reached XP level 6. HP: 24/24 MP: 5/13
  4411 | D:4      | Reached skill level 3 in Hexes
  4546 | D:5      | Entered Level 5 of the Dungeon
  4556 | D:5      | Noticed Sigmund
  4566 | D:5      | Killed Sigmund
  4567 | D:5      | Reached skill level 4 in Hexes
  4687 | D:5      | Reached XP level 7. HP: 27/27 MP: 9/15
  4758 | D:5      | Found a staircase to the Ecumenical Temple.
  5081 | D:5      | Reached skill level 5 in Spellcasting
  5081 | D:5      | Reached skill level 1 in Invocations
  5290 | D:5      | Reached skill level 5 in Hexes
  5808 | D:5      | Learned a level 4 spell: Iskenderun's Mystic Blast
  6196 | D:6      | Reached XP level 8. HP: 31/31 MP: 6/17
  6399 | D:6      | Reached skill level 6 in Hexes
  6485 | D:6      | Slain by a water moccasin
  6486 | D:6      | Reached XP level 7. HP: -4/27 MP: 6/16
  6741 | D:6      | Shot with an arrow by a centaur
  6742 | D:6      | Reached XP level 6. HP: -2/24 MP: 4/15
  6844 | D:6      | Noticed a sky beast
  6955 | D:6      | Killed a sky beast
  6956 | D:6      | Reached XP level 7. HP: 19/27 MP: 10/16
  7038 | D:6      | Reached skill level 7 in Hexes
  7334 | D:6      | Learned a level 2 spell: Passwall
  7364 | D:6      | Reached XP level 8. HP: 31/31 MP: 8/18
  7623 | D:6      | Reached skill level 8 in Hexes
  7890 | D:6      | Identified the ring "Giom" {*Slow rPois rF++ rN+ MP+9}
  8248 | D:6      | Reached ** piety under Sif Muna
  8732 | D:7      | Learned a level 3 spell: Stone Arrow
  8751 | D:7      | Slain by a gnoll sergeant

Illustrated notes

Levels and vault maps discovered:
D:1:      lightli_arrival_windingriver, layout_loops_corners, st_stairs_6
D:2:      layout_basic, serial_shops, nicolae_shop_overgrown_old_shop
D:3:      layout_rooms, nicolae_overflow_quartered_altars, serial_shops, shop,
          serial_park_tiny_2, hangedman_feature_mirror,
          hangedman_decor_slide_cut, dreamdust_princess_corridor, uniq_robin
D:4:      layout_basic, kennysheep_small_circle
D:5:      kennysheep_windowed_halls, layout_basic, minmay_temple_entry_glass,
          hangedman_abyss_or_decor_stagger, uniq_sigmund
D:6:      minmay_bubble_buster, layout_basic, grunt_ministairs_11,
          minmay_circle_x
D:7:      cheibrodos_two_vegetables, layout_basic,
          gammafunk_temple_overflow_claw, enter_bailey_2, kennysheep_flooded_box

Skill      XL: |  1  2  3  4  5  6  7  8 |
---------------+-------------------------+-----
Conjurations   | 4 5 7 |  7.4
Spellcasting   | 3 4 6 |  6.8
Hexes          | 2 4 7 8 |  8.6
Invocations    | 3 4 |  4.9
Dodging        | |  2.7
Stealth        | |  2.7

Action                   |  1- 3 |  4- 6 |  7- 9 || total
-------------------------+-------+-------+-------++-------
Melee: Unarmed           |       |     3 |     4 ||     7
       Bite              |       |     1 |       ||     1
 Cast: Magic Dart        |    27 |    37 |    24 ||    88
       Searing Ray       |    18 |    34 |    56 ||   108
       Fulminant Prism   |       |     2 |    17 ||    19
       Dazzling Flash    |       |     2 |     1 ||     3
  Use: Scroll            |     4 |     9 |     4 ||    17
Armor: Skin              |       |       |     4 ||     4
Dodge: Dodged            |     5 |    10 |    58 ||    73
